 Dungeon Crawl Stone Soup version 0.17-a0-2069-g0f4ee5b (webtiles) character file.

400848 brucemayne the Executioner (level 22, -2/117 HPs)
             Began as a Vine Stalker Berserker on Oct 13, 2015.
             Was a High Priest of Trog.
             Slain by Mennas
             ... wielding a +4 eudemon blade of holy wrath
              (8 damage)
             ... on level 2 of the Tomb of the Ancients.
             The game lasted 03:13:48 (19168 turns).

brucemayne the Executioner (VSBe)                  Turns: 19168, Time: 03:13:48

Health: -2/117     AC: 27    Str: 22      XL:     22   Next: 53%
Magic:  0/28       EV: 26    Int: 12 (15) God:    Trog [*****.]
Gold:   2377       SH:  0    Dex: 27 (28) Spells: 0 memorised, 21 levels left

rFire  + . .     SeeInvis +     X - +9 executioner's axe of Pacaddoi {chop, +Rage rC++ rN+++ Dex-3}
rCold  + + .     Clarity  +     k - +4 plate armour {rN+}
rNeg   + + +     SustAt   .     (no shield)
rPois  +         Gourm    +     W - +0 helmet {SInv}
rElec  .         Spirit   +     I - +2 cloak "Zycuizxi" {rPois}
rCorr  .         Warding  .     b - +0 pair of gloves "Ateownudgh" {rF+ rN+ Int+4 Dex+3}
rMut   .         Stasis   .     V - +0 pair of boots
MR     ++++.                    K - amulet of Votat {Gourm rPois Dex+3 Slay+2}
Stlth  ..........               e - ring of Greater Demons {+Blink rPois rN+ Int+4}
                                c - +6 ring of evasion

@: agile, very slightly contaminated, regenerating, hasted, glowing, very quick,
incredibly resistant to hostile enchantments, extremely unstealthy
A: fangs 3, clarity, deterioration 1, dopey 1, regeneration 3, magic shield,
antimagic bite, no device heal 3, rot immunity
a: Burn Spellbooks, Berserk, Trog's Hand, Brothers in Arms, Renounce Religion,
Evoke Blink, Evoke Berserk Rage
}: 4/15 runes: serpentine, barnacled, slimy, silver


You were on level 2 of the Tomb of the Ancients.
You worshipped Trog.
Trog was extremely pleased with you.
You were not hungry.

You visited 10 branches of the dungeon, and saw 55 of its levels.
You also visited: Labyrinth and Bailey.

You collected 3960 gold pieces.
You spent 1583 gold pieces at shops.

Inventory:

Hand Weapons
 w - a +9 antimagic battleaxe
 X - the +9 executioner's axe of Pacaddoi (weapon) {chop, +Rage rC++ rN+++ Dex-3}
   (Trog gifted it to you on level 5 of the Vaults)

   It inflicts extra damage upon your enemies.
   It affects your dexterity (-3).
   It greatly protects you from cold.
   It renders you almost immune to negative energy.
   It lets you go berserk.
Armour
 b - the +0 pair of gloves "Ateownudgh" (worn) {rF+ rN+ Int+4 Dex+3}
   (You found it on level 3 of the Elven Halls)

   It affects your intelligence (+4).
   It affects your dexterity (+3).
   It protects you from fire.
   It protects you from negative energy.
 k - a +4 plate armour of positive energy (worn)
 I - the +2 cloak "Zycuizxi" (worn) {rPois}
   (You found it in a labyrinth)

   It protects you from poison.
 V - a +0 pair of boots (worn)
 W - a +0 helmet of see invisible (worn)
Jewellery
 c - a +6 ring of evasion (left hand)
 e - the ring of Greater Demons (right hand) {+Blink rPois rN+ Int+4}
   (You found it on level 3 of the Crypt)

   [ring of positive energy]

   It affects your intelligence (+4).
   It protects you from poison.
   It protects you from negative energy.
   It lets you blink.
 i - the ring of Egomania {+Fly rElec rPois rF+ MR++}
   (You found it on level 5 of the Vaults)

   [ring of flight]

   It protects you from fire.
   It insulates you from electricity.
   It protects you from poison.
   It affects your resistance to hostile enchantments.
   It lets you fly.
 l - an uncursed ring of teleportation
 E - an uncursed amulet of stasis
 J - the ring of the Leaf {rC+ MR+ Str+2 Dex+3 SInv}
   (You found it in a labyrinth)

   [ring of protection from cold]

   It affects your strength (+2).
   It affects your dexterity (+3).
   It protects you from cold.
   It affects your resistance to hostile enchantments.
   It lets you see invisible.
 K - the amulet of Votat (around neck) {Gourm rPois Dex+3 Slay+2}
   (You found it in a labyrinth)

   [amulet of the gourmand]

   It allows you to eat raw meat even when not hungry.
   It affects your dexterity (+3).
   It affects your accuracy and damage with ranged weapons and melee attacks
   (+2).
   It protects you from poison.
 L - an uncursed amulet of resist mutation
Wands
 B - a wand of hasting (8)
 H - a wand of fireball (4)
Scrolls
 g - a scroll of fear
 h - 13 scrolls of remove curse
 n - 4 scrolls of fog
 p - 14 scrolls of teleportation
 s - a scroll of magic mapping
 x - 2 scrolls of identify
 A - 3 scrolls of holy word
 D - 4 scrolls of blinking
 Q - a scroll of recharging
 R - a scroll of silence
Potions
 d - a potion of might
 o - a potion of agility
 q - 13 potions of curing
 C - a potion of cure mutation
 N - 2 potions of lignification
 O - 3 potions of magic
 S - 3 potions of invisibility
 T - 2 potions of cancellation
Miscellaneous
 t - a fan of gales
 z - a phial of floods
 G - a sack of spiders
Comestibles
 a - a bread ration
 j - 10 meat rations
 y - 16 royal jellies


   Skills:
 - Level 12.9 Fighting
 - Level 26.0 Axes
 + Level 12.0 Armour
 + Level 9.6 Dodging
 - Level 7.0 Evocations


You had 21 spell levels left.
You didn't know any spells.

Dungeon Overview and Level Annotations

Branches:
Dungeon (15/15)            Temple (0/1) D:4            Lair (8/8) D:10
 Shoals (4/4) Lair:3        Snake (4/4) Lair:6        Slime (6/6) Lair:8
    Orc (4/4) D:10            Elf (3/3) Orc:4        Vaults (5/5) D:14
  Crypt (3/3) Vaults:2       Tomb (3/3) Crypt:3
 Depths: D:15

Altars:
Cheibriados
Elyvilon
Fedhas
Nemelex Xobeh
Qazlal
Ru
Zin
Beogh
Jiyva

Shops:
D:10 [(}}   Orc:1 !   Orc:4 (=[%   Elf:1 (   Shoals:2 (   Shoals:4 (
Snake:3 (*:   Snake:4 }

Portals:
Trove: D:13 (give +4 demon blade)

Annotations:
Tomb:2 Mennas


Innate Abilities, Weirdness & Mutations

You have razor-sharp teeth.
You regenerate.
When hurt, damage is shared between your health and your magic reserves.
Your bite disrupts and absorbs the magic of your enemies.
Potions and wands cannot restore your health.
You are immune to rotting.
You possess an exceptional clarity of mind.
Your body sometimes deteriorates upon taking damage.
You are dopey. (Int -2)


Message History

Okay, then.
Use which ability?
You blink.
You feel slightly more hungry.
Mennas becomes audible again.
Mennas hits you with an eudemon blade of holy wrath!!
* * * LOW HITPOINT WARNING * * *
Your body deteriorates!
You feel clumsy. Mennas hits you but does no damage.
Mennas blocks your deep troll's attack. Mennas blocks your deep troll's attack.
Your deep troll misses Mennas.
Use which ability?
Your deep troll goes berserk!
You feel somewhat more hungry.
You feel yourself speed up.
Mennas hits you with an eudemon blade of holy wrath!
* * * LOW HITPOINT WARNING * * *
Mennas hits you with an eudemon blade of holy wrath.
* * * LOW HITPOINT WARNING * * *
Mennas blocks your deep troll's attack. x2
Your deep troll claws Mennas!
Mennas hits you with an eudemon blade of holy wrath!
You die...

#############*********
#...^....>[>#,,,,,,*,,
#...^.....))#,,,,,,',,
#^..^@......#,,,,,,*,,
#...AT^.^..>#,,,,,,*,,
#....T#######**'******
#....^#,,,,,,,,,,,,,,,
#.^...#,,,,,,,,,,,,,,,
###'###,,,,,,,,,,,,,,,
#.^...#,,,,,,,,,,,,,,,
#...^.#,**,,,,,,,,,,,,
#.^...#,**,,,,,**,**,,


You could see Mennas and 2 friendly deep trolls.

Vanquished Creatures
  the royal jelly (Slime:6)
  2 ancient liches (Vaults:5)
  A golden dragon (Vaults:5)
  Jory (Crypt:3)
  2 liches
  Jorgrun (Vaults:2)
  3 tentacled monstrosities (Vaults:5)
  2 deep elf blademasters (Elf:3)
  2 deep elf master archers (Elf:3)
  2 titans (Vaults:5)
  A quicksilver dragon (Vaults:5)
  9 acid blobs
  Gastronok (D:12)
  4 sphinxes
  An ancient champion (Tomb:2)
  A shadow dragon (Vaults:5)
  4 fire giants (Vaults:5)
  A tengu reaver (Vaults:5)
  2 storm dragons (Vaults:5)
  A revenant (Crypt:3)
  An azure jelly (Slime:6)
  11 greater nagas (Snake:4)
  Wiglaf (Vaults:4)
  Donald (Shoals:1)
  An orc warlord (Bailey)
  A frost giant (Vaults:5)
  A balrug (Tomb:2)
  10 vault wardens
  A deep elf sorcerer (Elf:3)
  4 ironheart preservers
  6 war gargoyles
  10 stone giants
  12 deep elf demonologists
  A deep elf annihilator (Elf:3)
  3 salamander stormcallers (Vaults:5)
  2 bennus (Tomb:2)
  6 ettins (Vaults:5)
  A dire elephant (Lair:8)
  11 deep elf death magi (Elf:3)
  Snorg (Orc:4)
  2 mummy priests (Tomb:2)
  A minotaur (Lab)
  2 merfolk javelineers
  22 vault guards
  3 deep elf high priests
  7 merfolk impalers
  2 jiangshi (Crypt:3)
  A fire dragon (Vaults:5)
  3 death oozes
  7 yaktaur captains
  7 great orbs of eyes
  13 naga warriors
  8 hydras
  6 anacondas
  A death knight (Vaults:2)
  5 ogre magi
  2 merfolk aquamancers
  A catoblepas (Lair:8)
  2 dancing weapons
  A centaur warrior (D:14)
  9 death yaks (Lair:8)
  2 shock serpents
  The ghost of Cenon the Grappler, a journeyman VSTm of Makhleb (Lair:4)
  A deep troll shaman (Lair:8)
  5 orc high priests
  11 naga sharpshooters
  A soul eater (Vaults:2)
  A storm dragon zombie (Crypt:3)
  A shadow wraith (Vaults:5)
  The ghost of B1inky the Protected, a novice DgFi (D:8)
  7 deep elf knights
  18 skeletal warriors
  4 deep trolls (Vaults:4)
  2 unseen horrors
  A golden dragon zombie (Crypt:3)
  6 ironbrand convokers
  2 death scarabs (Tomb:2)
  6 sea snakes
  2 flayed ghosts (Crypt:3)
  9 anubis guards
  3 hill giants
  5 naga ritualists
  A necromancer (Crypt:1)
  4 deep elf summoners (Elf:3)
  6 orc knights
  5 shining eyes
  10 griffons
  4 phantasmal warriors
  3 orc sorcerers
  6 mana vipers
  9 deep elf conjurers
  A wizard (Elf:3)
  10 harpies
  A frost giant zombie (Crypt:1)
  A cyclops (shapeshifter) (Vaults:1)
  8 fauns
  4 wolf spiders
  3 manticores
  10 vault sentinels
  3 guardian serpents
  A hornet (Vaults:5)
  6 salamanders
  2 water nymphs (Shoals:4)
  A frost giant skeleton (Crypt:3)
  A centaur zombie (D:14)
  2 eyes of devastation (Slime:6)
  23 ugly things
  6 sirens
  A fire giant skeleton (Crypt:1)
  18 black mambas
  2 cyclopes
  3 elephants (Lair:8)
  8 naga magi
  5 spiny frogs
  8 yaktaurs
  A komodo dragon (shapeshifter) (Vaults:1)
  7 guardian mummies
  4 komodo dragons
  3 fire drakes
  A ghost moth simulacrum (Crypt:1)
  2 tengu conjurers (D:14)
  4 trolls
  A small abomination (Elf:3)
  A red draconian skeleton (Crypt:3)
  8 two-headed ogres
  7 deep elf priests
  2 jumping spiders (Vaults:2)
  A queen bee (D:12)
  12 merfolk
  11 blink frogs
  Grinder (D:4)
  8 redbacks
  41 slime creatures
  A human (shapeshifter) (Vaults:4)
  A tarantella (Vaults:2)
  24 deep elf magi
  26 vampires (Crypt:3)
  4 water elementals
  46 yaks
  7 snapping turtles
  A trapdoor spider (shapeshifter) (D:13)
  A wraith (D:12)
  A wyvern (shapeshifter) (Vaults:1)
  3 basilisks
  A hungry ghost (D:12)
  3 hippogriffs
  4 golden eyes (Slime:2)
  16 humans (D:14)
  7 vampire mosquitoes
  21 wolves
  20 deep elf fighters
  A steam dragon (D:10)
  Edmund (D:4)
  5 wargs
  43 nagas
  3 porcupines
  An infernal demonspawn skeleton (Crypt:1)
  7 water moccasins
  A soldier ant (D:11)
  3 sky beasts
  An eye of draining (shapeshifter) (Vaults:2)
  2 phantoms
  2 centaurs
  42 orc warriors
  28 ogres
  4 black bears
  10 ice beasts
  A wasp (D:8)
  6 crocodiles
  3 eyes of draining
  2 big kobolds
  A brain worm (D:13)
  A gnoll sergeant (Bailey)
  10 giant frogs
  A wyvern zombie (D:13)
  A salamander skeleton (Crypt:1)
  33 killer bees
  3 scorpions
  A spriggan zombie (Crypt:1)
  A wight (Vaults:2)
  4 electric eels (D:11)
  A wasp zombie (Crypt:3)
  5 crimson imps
  3 giant frog zombies
  10 jellies
  Crazy Yiuf (D:4)
  15 orc priests
  4 centaur skeletons
  3 hounds
  A giant frog skeleton (D:13)
  6 iguanas
  An iron imp (D:8)
  14 orc wizards
  2 killer bee zombies
  8 worker ants
  A hound zombie (D:6)
  2 mummies
  48 river rats
  An adder (D:2)
  9 gnolls (Bailey)
  4 worms
  4 giant geckos
  151 orcs
  A bat (D:2)
  5 giant cockroaches
  16 hobgoblins
  11 jackals
  11 kobolds
  2 quokkas
  A ball python (D:3)
  A giant cockroach zombie (D:6)
  22 goblins
  3 rats
  3 fungi
  A lost soul (Crypt:3)
  7 plants
1399 creatures vanquished.

Vanquished Creatures (collateral kills)
  3 acid blobs (Slime:6)
  2 tengu reavers (Vaults:5)
  An azure jelly (Slime:6)
  A frost giant (shapeshifter) (Vaults:5)
  A greater naga (Snake:4)
  An orc warlord (Orc:4)
  A large abomination (Elf:3)
  A yaktaur captain (Vaults:5)
  3 death oozes (Slime:6)
  2 merfolk impalers (Shoals:4)
  2 vault guards (Vaults:5)
  A naga sharpshooter (Snake:4)
  An anubis guard (Tomb:2)
  A giant orange brain (Slime:6)
  2 shining eyes (Slime:6)
  2 guardian serpents (Snake:4)
  2 naga magi (Snake:4)
  A merfolk (Shoals:4)
  A slime creature (Slime:6)
  A snapping turtle (Shoals:4)
  A vampire (Crypt:3)
  11 nagas (Snake:4)
  7 orc warriors (Orc:4)
  2 eyes of draining (Slime:6)
  An orc wizard (Orc:4)
  7 orc priests (Orc:4)
  2 jellies (Slime:6)
  4 orcs (Orc:4)
  A goblin (Bailey)
66 creatures vanquished.

Vanquished Creatures (others)
  A vault warden (Vaults:5)
  A yaktaur captain (Vaults:5)
  A mummy priest (Tomb:2)
  A deep elf knight (Elf:3)
  16 death scarabs (Tomb:2)
  An anubis guard (Tomb:2)
  A naga (Snake:4)
  An orc warrior (Bailey)
  A mummy (Tomb:2)
  An orc (Vaults:5)
  A jackal zombie (Crypt:3)
  2 bushes (Elf:3)
  A fire vortex (Vaults:5)
  A lost soul (Crypt:3)
  A plant (Lair:6)
31 creatures vanquished.

Grand Total: 1496 creatures vanquished

Notes
Turn   | Place    | Note
--------------------------------------------------------------
     0 | D:1      | brucemayne the Vine Stalker Berserker began the quest for the Orb.
     0 | D:1      | Reached XP level 1. HP: 11/11 MP: 2/2
    74 | D:2      | Reached skill level 3 in Axes
   106 | D:1      | Reached XP level 2. HP: 16/16 MP: 3/3
   190 | D:3      | Found a stormy altar of Qazlal.
   227 | D:3      | Reached skill level 4 in Axes
   227 | D:3      | Reached XP level 3. HP: 19/19 MP: 4/4
   264 | D:4      | Noticed Grinder
   355 | D:3      | Found a sacrificial altar of Ru.
   384 | D:3      | Found a sacrificial altar of Ru.
   467 | D:3      | Reached ** piety under Trog
   468 | D:3      | Reached XP level 4. HP: 21/23 MP: 3/5
   484 | D:4      | Killed Grinder
   484 | D:4      | Reached skill level 6 in Axes
   484 | D:4      | Reached XP level 5. HP: 27/27 MP: 6/6
   484 | D:4      | Gained mutation: You heal very quickly. [Vine Stalker growth]
   484 | D:4      | Reached XP level 6. HP: 32/32 MP: 7/7
   539 | D:4      | Noticed Crazy Yiuf
   544 | D:4      | Killed Crazy Yiuf
   628 | D:4      | Noticed a phantom
   664 | D:4      | Found a staircase to the Ecumenical Temple.
   702 | D:4      | Killed a phantom
   814 | D:4      | You fall through a shaft!
   814 | D:5      | Entered Level 5 of the Dungeon
   827 | D:5      | HP: 1/32 [centaur (2)]
   829 | D:5      | Reached skill level 7 in Axes
   829 | D:5      | Reached XP level 7. HP: 1/35 MP: 0/8
   963 | D:4      | Found a blossoming altar of Fedhas.
   963 | D:4      | Found a sparkling altar of Nemelex Xobeh.
   963 | D:4      | Noticed Edmund
   972 | D:4      | Killed Edmund
  1083 | D:6      | Reached skill level 8 in Axes
  1155 | D:6      | Gained mutation: You have razor-sharp teeth. [Vine Stalker growth]
  1155 | D:6      | Reached XP level 8. HP: 11/39 MP: 4/9
  1190 | D:5      | Found a white marble altar of Elyvilon.
  1331 | D:8      | Reached skill level 9 in Axes
  1340 | D:8      | Gained mutation: You regenerate. [mutagenic meat]
  1356 | D:8      | Noticed B1inky's ghost (novice DgFi)
  1588 | D:8      | Paralysed by a wasp for 3 turns
  1593 | D:8      | Reached skill level 10 in Axes
  1776 | D:8      | Killed B1inky's ghost
  1776 | D:8      | Reached skill level 11 in Axes
  1776 | D:8      | Reached XP level 9. HP: 43/43 MP: 6/10
  1840 | D:8      | Found a snail-covered altar of Cheibriados.
  1900 | D:9      | Reached *** piety under Trog
  1973 | D:10     | Entered Level 10 of the Dungeon
  2001 | D:10     | Reached skill level 12 in Axes
  2041 | D:10     | Found Guwnaum's Antique Weapon Shop.
  2107 | D:10     | Found a staircase to the Orcish Mines.
  2136 | Orc:1    | Entered Level 1 of the Orcish Mines
  2136 | Orc:1    | Found Ishrix's Distillery.
  2162 | Orc:1    | Reached **** piety under Trog
  2267 | Orc:3    | Found a flagged portal.
  2282 | Bailey   | Entered a bailey
  2326 | Bailey   | Reached XP level 10. HP: 31/49 MP: 6/11
  2577 | Bailey   | Noticed an orc warlord
  2596 | Bailey   | Killed an orc warlord
  2596 | Bailey   | Reached skill level 5 in Fighting
  2694 | Bailey   | Reached ***** piety under Trog
  2916 | Orc:4    | Entered Level 4 of the Orcish Mines
  2930 | Orc:4    | Reached skill level 13 in Axes
  3015 | Orc:4    | Reached XP level 11. HP: 42/56 MP: 12/12
  3246 | Orc:4    | Received a gift from Trog
  3318 | Orc:4    | Noticed an orc sorcerer
  3336 | Orc:4    | Killed an orc sorcerer
  3336 | Orc:4    | Reached skill level 14 in Axes
  3366 | Orc:4    | Noticed Snorg
  3377 | Orc:4    | Killed Snorg
  3439 | Orc:4    | Gained mutation: You have a pair of small horns on your head. [potion of beneficial mutation]
  3532 | Orc:4    | Noticed an orc warlord
  3549 | Orc:4    | Killed an orc warlord
  3575 | Orc:4    | Found a roughly hewn altar of Beogh.
  3595 | Orc:4    | Noticed an orc high priest
  3633 | Orc:4    | Killed an orc high priest
  3824 | Orc:4    | Noticed an orc high priest
  3838 | Orc:4    | Killed an orc high priest
  3838 | Orc:4    | Reached skill level 15 in Axes
  3845 | Orc:4    | Found Xif Mour's Antique Weapon Shop.
  3877 | Orc:4    | Noticed an orc high priest
  3888 | Orc:4    | Killed an orc high priest
  3957 | Orc:4    | Noticed an orc high priest
  3980 | Orc:4    | Killed an orc high priest
  3980 | Orc:4    | Mutation became permanent: You regenerate. [Vine Stalker growth]
  3980 | Orc:4    | Reached XP level 12. HP: 51/60 MP: 13/13
  4038 | Orc:4    | Found Zoluek's Jewellery Emporium.
  4046 | Orc:4    | Bought a cursed ring of teleportation for 203 gold pieces
  4046 | Orc:4    | Bought a +2 ring of protection for 140 gold pieces
  4046 | Orc:4    | Bought an uncursed ring of protection from magic for 350 gold pieces
  4137 | Orc:4    | Found a staircase to the Elven Halls.
  4162 | Elf:1    | Entered Level 1 of the Elven Halls
  4178 | Elf:1    | Received a gift from Trog
  4327 | Elf:2    | Reached skill level 16 in Axes
  4345 | Elf:1    | Identified a scroll of acquirement
  4382 | Elf:1    | Found Suckyph's Antique Weapon Shop.
  4430 | Elf:1    | Noticed an orc high priest
  4438 | Elf:1    | Killed an orc high priest
  4520 | Elf:2    | Gained mutation: You possess an exceptional clarity of mind. [potion of beneficial mutation]
  4566 | Elf:2    | Identified Ts'ui PĂȘn's Almanac of Forking Paths
  4641 | Elf:3    | Entered Level 3 of the Elven Halls
  4754 | Elf:3    | Reached skill level 5 in Dodging
  4780 | Elf:3    | Noticed a deep elf demonologist
  4794 | Elf:3    | Killed a deep elf demonologist
  4797 | Elf:3    | Noticed a deep elf death mage
  4810 | Elf:3    | Killed a deep elf death mage
  4810 | Elf:3    | Reached XP level 13. HP: 63/63 MP: 14/14
  4855 | Elf:3    | Noticed a deep elf demonologist
  4874 | Elf:3    | Killed a deep elf demonologist
  4879 | Elf:3    | Noticed a deep elf high priest
  4896 | Elf:3    | Killed a deep elf high priest
  4910 | Elf:3    | FUCKITSTHESWIMMINGHALL
  4912 | Elf:3    | Noticed a deep elf death mage
  4933 | Elf:3    | Killed a deep elf death mage
  4974 | Elf:3    | Received a gift from Trog
  5006 | Elf:3    | Noticed a deep elf blademaster
  5022 | Elf:3    | Killed a deep elf blademaster
  5045 | Elf:3    | Reached skill level 17 in Axes
  5057 | Elf:3    | Noticed a deep elf sorcerer
  5073 | Elf:3    | Noticed a deep elf death mage
  5073 | Elf:3    | Killed a deep elf sorcerer
  5091 | Elf:3    | Killed a deep elf death mage
  5093 | Elf:3    | Killed a ghostly deep elf death mage
  5114 | Elf:3    | Noticed a deep elf death mage
  5118 | Elf:3    | Noticed a deep elf annihilator
  5138 | Elf:3    | Killed a deep elf annihilator
  5145 | Elf:3    | Killed a deep elf death mage
  5152 | Elf:3    | Killed a ghostly deep elf death mage
  5193 | Elf:3    | Noticed a deep elf death mage
  5214 | Elf:3    | Killed a deep elf death mage
  5221 | Elf:3    | Killed a ghostly deep elf death mage
  5260 | Elf:3    | Noticed a deep elf high priest
  5273 | Elf:3    | Killed a deep elf high priest
  5309 | Elf:3    | Noticed a deep elf master archer
  5327 | Elf:3    | HP: 5/103 [deep elf master archer/arrow (10)]
  5333 | Elf:3    | Killed a deep elf master archer
  5340 | Elf:3    | Noticed a deep elf death mage
  5347 | Elf:3    | Killed a deep elf death mage
  5356 | Elf:3    | Killed a ghostly deep elf death mage
  5356 | Elf:3    | Reached XP level 14. HP: 34/74 MP: 5/15
  5390 | Elf:3    | Noticed a deep elf demonologist
  5409 | Elf:3    | Killed a deep elf demonologist
  5432 | Elf:3    | Noticed a deep elf death mage
  5452 | Elf:3    | Killed a deep elf death mage
  5503 | Elf:3    | Noticed a deep elf blademaster
  5521 | Elf:3    | Killed a deep elf blademaster
  5628 | Elf:3    | Noticed a deep elf master archer
  5629 | Elf:3    | Noticed a deep elf demonologist
  5644 | Elf:3    | Noticed a deep elf demonologist
  5665 | Elf:3    | Reached skill level 18 in Axes
  5669 | Elf:3    | Killed a deep elf demonologist
  5688 | Elf:3    | Noticed a deep elf demonologist
  5771 | Elf:3    | Noticed a deep elf death mage
  5776 | Elf:3    | Noticed a deep elf demonologist
  5777 | Elf:3    | Noticed a deep elf death mage
  5780 | Elf:3    | Gained mutation: You are dopey. (Int -2) [a neqoxec]
  5845 | Elf:3    | WITNESSME
  5858 | Elf:3    | Killed a deep elf death mage
  5861 | Elf:3    | Received a gift from Trog
  5887 | Elf:3    | Identified the Handbook of Curses and the Frostbite (You found it on level 3 of the Elven Halls)
  5944 | Elf:3    | Killed a deep elf master archer
  6001 | Elf:3    | Noticed a deep elf demonologist
  6019 | Elf:3    | Killed a deep elf demonologist
  6030 | Elf:3    | Killed a deep elf demonologist
  6040 | Elf:3    | Noticed a Hell Sentinel
  6042 | Elf:3    | Killed a deep elf demonologist
  6091 | Elf:3    | Killed a deep elf demonologist
  6152 | Elf:3    | Got a pair of bloodstained gloves
  6163 | Elf:3    | Identified the cursed +0 pair of gloves "Ateownudgh" {rF+ rN+ Int+4 Dex+3} (You found it on level 3 of the Elven Halls)
  6255 | Elf:3    | Reached skill level 19 in Axes
  6289 | Elf:3    | Killed a deep elf death mage
  6510 | Orc:4    | Found a roughly hewn altar of Beogh.
  6531 | Orc:4    | Noticed an orc knight
  6531 | Orc:4    | Noticed an orc sorcerer
  6537 | Orc:4    | Received a gift from Trog
  6541 | Orc:4    | Killed an orc knight
  6543 | Orc:4    | Killed an orc sorcerer
  6602 | Orc:4    | Noticed an orc knight
  6603 | Orc:4    | Found Fit Mie's Armour Boutique.
  6612 | Orc:4    | Killed an orc knight
  6622 | Orc:4    | Found Qasu's Food Shop.
  6622 | Orc:4    | Noticed an orc knight
  6629 | Orc:4    | Killed an orc knight
  6716 | Orc:1    | Bought a potion of cancellation for 80 gold pieces
  6716 | Orc:1    | Bought a potion of agility for 40 gold pieces
  6716 | Orc:1    | Bought a potion of haste for 100 gold pieces
  6716 | Orc:1    | Bought a potion of invisibility for 80 gold pieces
  6716 | Orc:1    | Bought a potion of agility for 40 gold pieces
  6716 | Orc:1    | Bought a potion of magic for 80 gold pieces
  6757 | D:10     | Found Poaxod Reles's Antique Armour Boutique.
  7050 | D:12     | Reached XP level 15. HP: 62/79 MP: 16/16
  7072 | D:12     | Noticed Gastronok
  7091 | D:12     | Killed Gastronok
  7171 | D:11     | Received a gift from Trog
  7346 | D:10     | Found Xofoe's Gadget Shop.
  7360 | D:10     | Found Osazxaed's Gadget Shop.
  7376 | D:9      | Reached skill level 1 in Evocations
  7504 | D:9      | Received a gift from Trog
  7758 | D:9      | Found Zin's Purification Station.
  7760 | D:9      | Found a glowing silver altar of Zin.
  7763 | D:9      | Bought a potion of curing for 90 gold pieces
  7859 | D:10     | Noticed a komodo dragon
  7867 | D:10     | Killed a komodo dragon
  7938 | D:10     | Found a staircase to the Lair.
  7943 | Lair:1   | Entered Level 1 of the Lair of Beasts
  8070 | Lair:3   | Reached skill level 20 in Axes
  8070 | Lair:3   | Reached XP level 16. HP: 81/84 MP: 18/20
  8223 | Lair:4   | Found a labyrinth entrance.
  8233 | Lab      | Entered a labyrinth
  8860 | Lab      | Got an ancient tin ring
  8860 | Lab      | Got a coiled ivory amulet
  8862 | Lab      | Got a warped cloak
  8873 | Lab      | Identified the +2 cloak "Zycuizxi" {rPois} (You found it in a labyrinth)
  8873 | Lab      | Identified the amulet of Votat {Gourm rPois Dex+3 Slay+2} (You found it in a labyrinth)
  8876 | Lab      | Identified the ring of the Leaf {rC+ MR+ Str+2 Dex+3 SInv} (You found it in a labyrinth)
  8879 | Lab      | Got an ichor-stained large shield
  8920 | Lair:4   | Noticed Cenon's ghost (journeyman VSTm)
  8926 | Lair:4   | Killed Cenon's ghost
  8926 | Lair:4   | Reached skill level 5 in Evocations
  9088 | Lair:5   | Received a gift from Trog
  9214 | Lair:6   | Found a snail-covered altar of Cheibriados.
  9234 | Lair:6   | Reached skill level 5 in Armour
  9262 | Lair:6   | Identified a cursed +6 rod of ignition (14/14) (You took it off a deep elf mage on level 3 of the Elven Halls)
  9430 | Lair:6   | Found a staircase to the Snake Pit.
  9446 | Snake:1  | Entered Level 1 of the Snake Pit
  9621 | Snake:3  | Found Vudgh's Assorted Antiques.
  9650 | Snake:3  | Reached skill level 10 in Fighting
  9652 | Snake:3  | Found Vuzxoel's Book Shoppe.
  9662 | Snake:3  | Bought a scroll of identify for 80 gold pieces
  9662 | Snake:3  | Bought a scroll of fear for 140 gold pieces
  9683 | Snake:3  | Found Nimoxicw's Antique Weapon Boutique.
  9692 | Snake:3  | Got a faintly glowing helmet
  9693 | Snake:3  | Identified the +3 helmet of Midnight {-Tele Int+6} (You found it on level 3 of the Snake Pit)
  9955 | Snake:4  | Entered Level 4 of the Snake Pit
 10005 | Snake:4  | Found Eqeigoq's Gadget Boutique.
 10110 | Snake:4  | Received a gift from Trog
 10131 | Snake:4  | Reached XP level 17. HP: 66/90 MP: 5/21
 10558 | Snake:4  | Received a gift from Trog
 10986 | Snake:4  | Got a serpentine rune of Zot
 11110 | Snake:2  | Reached skill level 10 in Armour
 11158 | Snake:3  | Bought a potion of agility for 160 gold pieces
 11412 | Lair:7   | Received a gift from Trog
 11417 | Lair:7   | Reached XP level 18. HP: 99/99 MP: 22/22
 11701 | Lair:3   | Found a staircase to the Shoals.
 11762 | Shoals:1 | Entered Level 1 of the Shoals
 11763 | Shoals:1 | Noticed Donald
 11774 | Shoals:1 | Killed Donald
 12171 | Shoals:2 | Found Tujefeokk's Weapon Shop.
 12222 | Shoals:2 | Received a gift from Trog
 12352 | Shoals:4 | Entered Level 4 of the Shoals
 12627 | Shoals:4 | Reached skill level 21 in Axes
 12645 | Shoals:4 | Got a barnacled rune of Zot
 12662 | Shoals:4 | Found Gaide's Weapon Shoppe.
 13018 | Lair:6   | Received a gift from Trog
 13068 | Lair:8   | Entered Level 8 of the Lair of Beasts
 13154 | Lair:8   | Found a staircase to the Slime Pits.
 13423 | Lair:8   | Got a heavily runed wooden ring
 13425 | Lair:8   | Identified the ring "Pywuecer" {rC+ Int+3} (You acquired it on level 8 of the Lair of Beasts)
 13429 | Slime:1  | Entered Level 1 of the Pits of Slime
 13432 | Slime:1  | Gained mutation: You expend magic power (3 MP) to strengthen your wands. [a shining eye]
 13470 | Slime:1  | Gained mutation: Armour fits poorly on your strangely shaped body. [a shining eye]
 13482 | Slime:1  | Gained mutation: Your body sometimes deteriorates upon taking damage. [a shining eye]
 13485 | Slime:1  | Lost mutation: You expend magic power (3 MP) to strengthen your wands. [potion of cure mutation]
 13485 | Slime:1  | Lost mutation: Armour fits poorly on your strangely shaped body. [potion of cure mutation]
 13485 | Slime:1  | Lost mutation: You have a pair of small horns on your head. [potion of cure mutation]
 13523 | Slime:3  | Reached XP level 19. HP: 88/103 MP: 24/24
 13723 | Slime:4  | Reached ****** piety under Trog
 13790 | Slime:5  | Received a gift from Trog
 13848 | Slime:6  | Entered Level 6 of the Pits of Slime
 13962 | Slime:6  | Reached skill level 22 in Axes
 14060 | Slime:6  | Noticed the royal jelly
 14063 | Slime:6  | Found a viscous altar of Jiyva.
 14070 | Slime:6  | Killed the royal jelly
 14113 | Slime:6  | Got a shimmering storm dragon armour
 14158 | Slime:6  | Got a slimy rune of Zot
 14179 | Slime:6  | Identified Iskenderun's Compendium of Venomous Arcane Weapons (You found it on level 6 of the Pits of Slime)
 14203 | Slime:6  | Got a brightly glowing ivory ring
 14205 | Slime:6  | Identified the ring "Boriga Jesu" {Dex+4 Slay+2} (You found it on level 6 of the Pits of Slime)
 14242 | Slime:6  | Got an ancient bronze ring
 14244 | Slime:6  | Identified the ring "Xuzudesi" {Dex+3 Stlth+} (You found it on level 6 of the Pits of Slime)
 14357 | Lair:8   | Identified the +0 storm dragon armour of Belu Hoj {rElec Regen+} (You found it on level 6 of the Pits of Slime)
 15273 | D:13     | Found a portal to a secret trove of treasure.
 15423 | D:15     | Entered Level 15 of the Dungeon
 15435 | D:15     | Received a gift from Trog
 15587 | D:14     | Reached skill level 23 in Axes
 15621 | D:14     | Found a gate to the Vaults.
 15664 | Vaults:1 | Entered Level 1 of the Vaults
 15770 | Vaults:1 | Reached XP level 20. HP: 108/108 MP: 26/26
 15950 | Vaults:2 | Found a staircase to the Crypt.
 16038 | Vaults:2 | Received a gift from Trog
 16248 | Vaults:2 | Noticed Jorgrun
 16253 | Vaults:2 | Killed Jorgrun
 16472 | Vaults:4 | Noticed Wiglaf
 16498 | Vaults:4 | Killed Wiglaf
 16498 | Vaults:4 | Reached skill level 24 in Axes
 16695 | Vaults:5 | Entered Level 5 of the Vaults
 16787 | Vaults:5 | Received a gift from Trog
 17035 | Vaults:5 | Reached XP level 21. HP: 54/112 MP: 27/27
 17082 | Vaults:5 | Noticed an ancient lich
 17097 | Vaults:5 | Noticed a golden dragon
 17106 | Vaults:5 | Killed an ancient lich
 17111 | Vaults:5 | Killed a golden dragon
 17111 | Vaults:5 | Reached skill level 25 in Axes
 17203 | Vaults:5 | Got a smoking lapis lazuli ring
 17213 | Vaults:5 | Got a twitching platinum ring
 17219 | Vaults:5 | Identified the ring of Egomania {+Fly rElec rPois rF+ MR++} (You found it on level 5 of the Vaults)
 17221 | Vaults:5 | Identified the ring "Pat Ymie" {SustAt MP+9} (You found it on level 5 of the Vaults)
 17316 | Vaults:5 | Identified the Disquisition on Intoxication
 17388 | Vaults:5 | HP: 1/112 [rust devil[a deep elf high priest] (5)]
 17639 | Vaults:5 | Identified the Guide on Confrontation
 17914 | Vaults:5 | Reached skill level 26 in Axes
 17982 | Vaults:5 | Noticed an ancient lich
 17986 | Vaults:5 | Killed an ancient lich
 18096 | Vaults:5 | Got a silver rune of Zot
 18125 | Vaults:5 | Received a gift from Trog
 18127 | Vaults:5 | Got a smoking executioner's axe {god gift}
 18129 | Vaults:5 | Reached XP level 22. HP: 117/117 MP: 28/28
 18130 | Vaults:5 | Identified the +9 executioner's axe of Pacaddoi {chop, +Rage rC++ rN+++ Dex-3} (Trog gifted it to you on level 5 of the Vaults)
 18131 | Vaults:5 | HHHNGGHHH
 18380 | Crypt:1  | Entered Level 1 of the Crypt
 18442 | Crypt:3  | Entered Level 3 of the Crypt
 18560 | Crypt:3  | Noticed Jory
 18581 | Crypt:3  | Killed Jory
 18668 | Crypt:3  | Got a translucent copper ring
 18668 | Crypt:3  | Got a bound amber ring
 18733 | Crypt:3  | Got a brightly glowing ice dragon armour
 18806 | Crypt:3  | Received a gift from Trog
 18855 | Crypt:3  | Found a staircase to the Tomb.
 18880 | Crypt:3  | Identified the cursed +0 ice dragon armour of Detil {rF- rC++ Str+6} (You found it on level 3 of the Crypt)
 18881 | Crypt:3  | Identified the ring of Qevoll {+Fly rN+} (You found it on level 3 of the Crypt)
 18883 | Crypt:3  | Identified the ring of Greater Demons {+Blink rPois rN+ Int+4} (You found it on level 3 of the Crypt)
 18904 | Tomb:1   | Entered Level 1 of the Tomb of the Ancients
 18918 | Tomb:1   | Noticed a greater mummy
 19050 | Tomb:3   | Entered Level 3 of the Tomb of the Ancients
 19070 | Tomb:3   | Noticed Mennas
 19168 | Tomb:2   | Slain by Mennas

Vault maps used:
D:1:      dpeg_arrival_connections, nrook_mini_backslash
D:2:      small_statue_intersection, uniq_sigmund
D:3:      lemuel_round_altar, nicolae_qazlal_general_emergency,
          nicolae_tso_carved_into_rock, portal_sewer_entry_a,
          grunt_ministairs_6, nicolae_ru_awakened_eye
D:4:      kennysheep_the_goblin_king, nicolae_overflow_hidden_temple,
          minmay_temple_entry_from_below_a, serial_bayou, serial_bayou_pond_e,
          serial_bayou_pond_e, serial_bayou_lagoon_a, serial_bayou_shore_a,
          serial_bayou_ford_a, serial_bayou_shore_b, first_bread, uniq_edmund,
          uniq_crazy_yiuf_cottage, uniq_grinder, uniq_eustachio
D:5:      nicolae_dithmenos_through_a_glass_darkly, basic_altar, uniq_menkaure
D:6:      serial_shops, kennysheep_mini, grunt_ministairs_9,
          serial_bayou_pond_a, uniq_prince_ribbit1
D:8:      slow_altar_2, gup_ossuary_entry_pyramid, uniq_maurice
D:9:      zin_purify
D:10:     erik_lair_dragon, minmay_orc_entry_guard_dogs, serial_shops, shop,
          nicolae_shop_waterfront, shop, shop
D:11:     wad_lake_hut
D:12:     hangedman_fish_farm, minmay_misc_feat_chi, uniq_urug, uniq_gastronok
D:13:     trove_entry_hex_spiral, lightli_fourway_metalbox
D:14:     david_vaults_3
D:15:     gammafunk_depths_entry_grave, serial_park_tiny_pond,
          lemuel_flamethrower_2
Lair:3:   shoals_dummy_entry, wad_woods_road_03, beast_lair_carwin_8
Lair:4:   lab_entry_generic, portal_ice_cave_entry_ice_beasts
Lair:5:   infiniplex_staircase_pool
Lair:6:   guppyfry_snake_entry_garden, basic_altar, worms_lemuel
Lair:8:   grunt_lair_end_beastmaster, minmay_slime_entry_pillars
Shoals:1: nicolae_shoals_square_sea_wall, uniq_donald
Shoals:2: serial_shops, shop, hangedman_shoal_octodias, uniq_polyphemus
Shoals:3: nicolae_shoals_island_circles, nicolae_shoals_isolated_beach
Shoals:4: serial_shops, nicolae_shop_temple_entry_statues_fountains,
          shoals_end_simple, shoals_ilsuiw_alternative
Snake:1:  lemuel_fruit_tree
Snake:2:  uniq_aizul
Snake:3:  serial_shops, shop, nicolae_shop_statue_plus, nicolae_shop_crystal,
          grunt_ministairs_10
Snake:4:  grunt_snake_rune_spirals, serial_shops, shop
Orc:1:    serial_shops, shop, nicolae_orc_crystal_geode
Orc:2:    uniq_rupert
Orc:3:    enter_bailey_2, nicolae_orc_pool_cavern
Orc:4:    pubby_orc_utopia, uniq_snorg
Elf:1:    elf_arrival_001, serial_shops, shop, hangedman_elf_represent
Elf:2:    bh_hangedman_babel_library, uniq_saint_roka, uniq_agnes
Elf:3:    elf_hall_gauntlet_narrow
Vaults:1: v_misc_26, nicolae_vaults_big_angled_halls, hangedman_vaults_slice,
          ontoclasm_vaults_bender, vaults_room_door_hall,
          nicolae_vaults_little_squares_3, nicolae_vaults_three_branches,
          nicolae_vaults_little_squares_2, vaults_room_stairs_pillars
Vaults:2: ontoclasm_vaults_twist, vaults_mumra_chevron, vaults_room_door_hall,
          hangedman_vaults_stream, minmay_crypt_entry_simple_round,
          ontoclasm_vaults_idyll, st_quartered_hall, v_misc_16,
          nicolae_vaults_alarming, vaults_dpeg_diagonal,
          vaults_standard_mumra_enter_the_diamond,
          nicolae_vaults_ninety_degrees, hangedman_vaults_cutoff,
          nicolae_vaults_little_squares_2, uniq_jorgrun
Vaults:3: vaults_room_grunt_arrival_checkpoint, v_misc_3,
          nicolae_vaults_sealed_display, hangedman_vaults_river_flow,
          vaults_room_pools, v_misc_24, hangedman_vaults_unwind,
          vaults_standard_mumra_x, ontoclasm_vaults_misaligned,
          nicolae_vaults_little_squares_6, uniq_margery
Vaults:4: grunt_vaults_trifunnel, hangedman_vaults_slither,
          nicolae_vaults_disjoint_gnomons, vaults_room_fancy_cross,
          vaults_room_ringed_pool, hangedman_vaults_locks, grunt_vaults_focal,
          nicolae_vaults_gold_heap, v_misc_28, ontoclasm_vaults_ring_small,
          v_misc_30, v_misc_17, vaults_room_pool, vaults_dpeg_ring, uniq_wiglaf
Crypt:1:  lemuel_upstairs_altar
Crypt:2:  nicolae_crypt_cryptocurrency, hangedman_blasphemy
Crypt:3:  due_elkab, tomb_entry_forgotten_bobbens
Tomb:3:   uniq_mennas
Bailey:   bailey_axe_minmay_hex_keep, bailey

Action                   |  1- 3 |  4- 6 |  7- 9 | 10-12 | 13-15 | 16-18 | 19-21 | 22-24 || total
-------------------------+-------+-------+-------+-------+-------+-------+-------+-------++-------
Melee: Hand axe          |    47 |    66 |   134 |       |       |       |       |       ||   247
       War axe           |       |       |   149 |   662 |   112 |       |       |       ||   923
       Executioner's axe |       |       |       |       |   145 |     5 |   434 |   268 ||   852
       Battleaxe         |       |       |       |       |   259 |   907 |   521 |       ||  1687
Throw: Throwing net      |       |       |     1 |     1 |       |       |       |       ||     2
Invok: Berserk           |     3 |     2 |     7 |     8 |     4 |     6 |     5 |     1 ||    36
       Trog's Hand       |       |     1 |     1 |     7 |    14 |    11 |    12 |     3 ||    49
       Brothers in Arms  |       |       |       |     3 |     4 |     7 |    13 |     4 ||    31
 Abil: Evoke Teleportati |       |       |       |       |     3 |     2 |     6 |     4 ||    15
       Evoke Flight      |       |       |       |       |       |     3 |       |       ||     3
       Evoke Blink       |       |       |       |       |       |       |       |     6 ||     6
Evoke: Wand              |       |     1 |       |    14 |     6 |    10 |     4 |     1 ||    36
  Use: Scroll            |     1 |     3 |     2 |    13 |     9 |    17 |    14 |     8 ||    67
       Potion            |       |     1 |       |     4 |     4 |     3 |     5 |     2 ||    19
 Stab: Confused          |       |       |       |     4 |       |       |       |       ||     4
       Distracted        |       |       |       |     1 |       |       |       |       ||     1
  Eat: Chunk             |     2 |     2 |     9 |    11 |     6 |    15 |    11 |       ||    56
       Pizza             |       |       |     1 |       |       |     2 |       |       ||     3
       Bread ration      |       |       |     1 |     1 |     1 |     1 |     1 |     1 ||     6
       Meat ration       |       |       |       |     1 |     1 |       |     2 |       ||     4
       Royal jelly       |       |       |       |       |     1 |     1 |     2 |       ||     4
       Fruit             |       |       |       |       |       |     6 |       |       ||     6
       Beef jerky        |       |       |       |       |       |       |     1 |       ||     1
